 Dungeon Crawl Stone Soup version 0.26.0-45-g9c1d065592 (webtiles) character file.

Game seed: 10968781184127041150

292 kaeus the Firebug (level 6, -1/32 HPs)
             Began as a Gargoyle Fire Elementalist on Jan 27, 2021.
             Slain by an orc
             ... wielding a +0 trident
              (3 damage)
             ... on level 4 of the Dungeon.
             The game lasted 00:03:58 (4502 turns).

kaeus the Firebug (Gargoyle Fire Elementalist)      Turns: 4502, Time: 00:03:58

Health: -1/32      AC:  7    Str: 12    XL:     6   Next: 33%
Magic:  6/10       EV: 12    Int: 17    God:
Gold:   200        SH:  0    Dex: 10    Spells: 3/11 levels left

rFire    + . .     SeeInvis .   n - +3 hand axe (flame)
rCold    x . .     Faith    .   (no shield)
rNeg     + . .     Spirit   .   a - +1 robe
rPois    ∞         Reflect  .   (no helmet)
rElec    +         Harm     .   (no cloak)
rCorr    .         Rampage  .   (no gloves)
Will     .....                  (no boots)
Stlth    ++........             (no amulet)
HPRegen  0.10/turn              f - ring of fire
MPRegen  0.12/turn              (no ring)

@: no status effects
A: negative energy resistance 1, electricity resistance, unbreathing,
petrification resistance, miasma immunity, AC +4
a: no special abilities


You were on level 4 of the Dungeon.
You visited 1 branch of the dungeon, and saw 4 of its levels.

You collected 200 gold pieces.

Inventory:

Hand Weapons
 n - a +3 hand axe of flaming (weapon)
Armour
 a - a +1 robe (worn)
Jewellery
 f - a ring of fire (left hand)
 i - a +4 ring of protection
Scrolls
 g - 3 scrolls of identify
 j - a scroll of fog
Potions
 b - 3 potions of mutation {unknown}
 c - 2 potions of might {unknown}
 d - a potion of magic {unknown}
 e - a potion of brilliance {unknown}
 k - a potion of heal wounds {unknown}
 l - a potion of haste {unknown}
 m - a potion of attraction {unknown}
 p - a potion of curing {unknown}


   Skills:
 - Level 1.5 Dodging
 - Level 2.1 Stealth
 + Level 3.1 Spellcasting
 * Level 4.2 Conjurations
 * Level 4.9 Fire Magic


You had 3 spell levels left.
You knew the following spells:

 Your Spells              Type           Power        Failure   Level
a - Foxfire               Conj/Fire      100%         2%          1
b - Conjure Flame         Conj/Fire      27%          8%          3
c - Sticky Flame          Conj/Fire      27%          26%         4

Your spell library contained the following spells:

 Spells                   Type           Power        Failure   Level
 Inner Flame              Hex/Fire       16%          19%         3
 Fireball                 Conj/Fire      13%          58%         5


Dungeon Overview and Level Annotations

Branches:
Dungeon (4/15)
 Temple: D:4-7

Altars:
Ashenzari
Sif Muna

Portals:
Sewer: D:4


Innate Abilities, Weirdness & Mutations

You are resistant to torment.
Your stone body is resilient. (AC +4)
You are immune to poison.
You resist negative energy. (rN+)
You are resistant to electric shocks. (rElec)
You can survive without breathing.
You are immune to petrification.
You are immune to miasma.


Message History

The adder barely misses you.
The orc hits you from afar with a +0 trident.
* * * LOW HITPOINT WARNING * * *
The adder bites you.
* * * LOW HITPOINT WARNING * * *
You take 5 damage, and have 5/32 hp.
Casting: Foxfire (safe; 2% risk of failure)
Confirm with . or Enter, or press ? or * to list all spells.
You feel a surge of power!
You conjure some foxfire!
The orc hits you from afar with a +0 trident.
* * * LOW HITPOINT WARNING * * *
The adder completely misses you.
You take 3 damage, and have 2/32 hp.
You now have 6/10 mp.
You completely miss the orc. You completely miss the adder.
The foxfire hits the orc but does no damage.
The foxfire hits the orc.
The orc is severely wounded.
The adder barely misses you.
The orc hits you from afar with a +0 trident.
You die...

...### .#
..#.#####..# .
....#≈≈≈#..#
...#≈≈≈#..# #
#.#≈∩≈#..#.#.#
#.#≈≈≈#..#.#.#
..#.#≈BB#......
....##S##.##.#####
....Z.o@§.........
.....o†..#.$...##
..########.....#
#....#.# #......##
#.......#
##.#.##.# #.#.# .#
#.#.. .


You could see an adder, 2 orcs, 2 giant cockroaches and an adder skeleton.

Vanquished Creatures
  An orc priest (D:3)
  2 orc wizards (D:3)
  2 worker ants
  5 adders
  2 worms (D:2)
  A dart slug (D:2)
  2 leopard geckos
  18 orcs
  6 bats
  A giant cockroach (D:3)
  6 goblins
  14 hobgoblins
  11 jackals
  4 kobolds
  2 quokkas
  6 frilled lizards
  8 rats
91 creatures vanquished.

Vanquished Creatures (others)
  272 foxfires
272 creatures vanquished.

Grand Total: 363 creatures vanquished

Notes
Turn   | Place    | Note
-------+----------+-------------------------------------------
     0 | D:1      | kaeus the Gargoyle Fire Elementalist began the quest for
                  | the Orb.
     0 | D:1      | Reached XP level 1. HP: 10/10 MP: 3/3
    87 | D:1      | Reached XP level 2. HP: 2/15 MP: 0/5
  1184 | D:1      | Found a broken altar of Ashenzari.
  1293 | D:2      | Reached XP level 3. HP: 19/19 MP: 0/6
  1939 | D:2      | Found a shimmering blue altar of Sif Muna.
  1967 | D:2      | Reached XP level 4. HP: 24/24 MP: 2/7
  2867 | D:2      | Learned a level 3 spell: Conjure Flame
  2872 | D:2      | Learned a level 4 spell: Sticky Flame
  3426 | D:3      | Reached XP level 5. HP: 28/28 MP: 4/9
  4098 | D:3      | Reached XP level 6. HP: 32/32 MP: 4/10
  4483 | D:4      | Found a glowing drain.
  4502 | D:4      | Slain by an orc

Illustrated notes

Levels and vault maps discovered:
D:1:      dpeg_arrival_oval, layout_loops_ring, ashenzari_altar_1
D:2:      layout_loops_corners, lemuel_doored_altar, minmay_increasing_density
D:3:      layout_rooms
D:4:      layout_loops_cross, minmay_temple_entry_offerings,
          gup_sewer_entry_glass, gammafunk_ghost_smash, minivault_5,
          uniq_crazy_yiuf_cottage, uniq_eustachio

Skill      XL: |  1  2  3  4  5 |
---------------+----------------+-----
Conjurations   | 2 3 4 |  4.2
Fire Magic     | 4 |  4.9
Spellcasting   | 3 |  3.1
Dodging        | |  1.5
Stealth        | |  2.1

Action                   |  1- 3 |  4- 6 || total
-------------------------+-------+-------++-------
Melee: Unarmed           |    34 |       ||    34
       Hand axe          |    32 |    51 ||    83
 Cast: Foxfire           |    80 |   103 ||   183
  Use: Scroll            |       |     6 ||     6
Armor: Robe              |    23 |    31 ||    54
Dodge: Dodged            |    78 |    68 ||   146
